 Dungeon Crawl Stone Soup version 0.23-a0-730-g0b75920 (webtiles) character file.

11981 CanOfBees the Fighter (level 11, -15/124 HPs)
             Began as an Ogre Hunter on Jan 17, 2019.
             Was a High Priest of Okawaru.
             Demolished by a stone giant (22 damage)
             ... in a volcano on Jan 18, 2019.
             The game lasted 00:38:42 (16307 turns).

CanOfBees the Fighter (Ogre Hunter)                Turns: 16307, Time: 00:38:43

Health: -15/124    AC: 15    Str: 23    XL:     11   Next: 86%
Magic:  17/17      EV:  3    Int: 17    God:    Okawaru [*****.]
Gold:   668        SH: 12    Dex: 12    Spells: 10/10 levels left

rFire    + . .     SeeInvis .   p - +1 demon trident (elec)
rCold    + . .     Gourm    .   z - +2 shield
rNeg     . . .     Faith    .   O - +0 gold dragon scales (curse)
rPois    +         Spirit   .   (helmet restricted)
rElec    .         Reflect  .   (no cloak)
rCorr    .         Harm     .   (gloves unavailable)
MR       +....                  (boots unavailable)
Stlth    ..........             (no amulet)
HPRegen  0.30/turn              o - +2 ring of strength
MPRegen  0.15/turn              y - +3 ring of dexterity

@: brilliant, about to teleport
A: large, unfitting armour, tough skin 1
a: Heroism, Finesse, Renounce Religion


You were in a volcano.
You worshipped Okawaru.
Okawaru was extremely pleased with you.
You were not hungry.

You visited 3 branches of the dungeon, and saw 12 of its levels.
You also visited: Volcano.

You collected 668 gold pieces.

Inventory:

Hand Weapons
 a - a +2 blowgun
 b - a +5 trident of flaming
 p - a +1 demon trident of electrocution (weapon)
 E - a +2 short sword of electrocution
Missiles
 e - 227 stones
 j - 3 curare-tipped needles
 k - 39 poisoned needles
 l - 2 tomahawks of returning (quivered)
 r - 6 needles of confusion
 u - 16 sling bullets
 Q - 5 large rocks
 S - 13 exploding tomahawks
 V - 4 tomahawks
Armour
 z - a +2 shield (worn)
 O - cursed +0 gold dragon scales (worn)
Jewellery
 o - a +2 ring of strength (left hand)
 y - a +3 ring of dexterity (right hand)
 G - an uncursed ring of resist corrosion
Wands
 c - a wand of polymorph (6)
 g - a wand of flame (51)
Scrolls
 m - 4 scrolls of magic mapping
 v - 2 scrolls of immolation {unknown}
 x - 3 scrolls of remove curse
 B - a scroll of fear {unknown}
 C - 2 scrolls of blinking {unknown}
 D - 4 scrolls of teleportation
 F - a scroll of amnesia {unknown}
Potions
 d - a potion of magic {unknown}
 h - 3 potions of lignification
 i - a potion of ambrosia {unknown}
 s - a potion of cancellation
 t - 2 potions of agility
 w - a potion of mutation
 N - 2 potions of curing
Miscellaneous
 R - a phial of floods (inert)
Comestibles
 f - 12 rations


   Skills:
 + Level 12.7 Fighting
 + Level 3.4 Polearms
 + Level 8.9 Throwing
 * Level 4.0 Armour
 + Level 6.8 Dodging
 - Level 0.6 Stealth
 - Level 6.0 Shields
 - Level 8.0 Invocations


You had 10 spell levels left.
You didn't know any spells.
Your spell library contained the following spells:

 Spells                   Type           Power        Failure   Level  Hunger
 Animate Skeleton         Necr           N/A          98%         1    ##.....
 Apportation              Tloc           ##....       98%         1    ##.....
 Confusing Touch          Hex            ##....       98%         1    ##.....
 Summon Small Mammal      Summ           ##..         98%         1    ##.....


Dungeon Overview and Level Annotations

Branches:
Dungeon (10/15)            Temple (1/1) D:5            Lair (1/6) D:8
    Orc: D:9-12

Altars:
Ashenzari
Elyvilon
Fedhas
Gozag
Hepliaklqana
Kikubaaqudgha
Makhleb
Nemelex Xobeh
Okawaru
Qazlal
Ru
Sif Muna
Trog
Uskayaw
Vehumet
Wu Jian
Yredelemnul
Zin
The Shining One

Shops:
D:8 }


Innate Abilities, Weirdness & Mutations

You are too large for most types of armour.
You have tough skin. (AC +1)


Message History

You feel clever all of a sudden. The fire elemental hits you.
The fire elemental burns you! You resist.
* * * LOW HITPOINT WARNING * * *
The fire elemental barely misses you.
You closely miss the fire elemental.
The fire elemental is almost destroyed.
The fire elemental hits you. The fire elemental burns you! You resist.
* * * LOW HITPOINT WARNING * * *
Your gold dragon scales prevents you from hitting the fire elemental.
The fire elemental is almost destroyed.
The fire elemental hits you.
* * * LOW HITPOINT WARNING * * *
The fire elemental burns you! You resist.
* * * LOW HITPOINT WARNING * * *
Okay, then.
As you read the scroll of teleportation, it crumbles to dust.
You feel strangely unstable.
Your gold dragon scales prevents you from hitting the stone giant.
The stone giant hits you!!
You die...

≈≈..##...#
... #8.8#
##.## #.#
##+## #####
#...##....##
+.∩.○E....$#
#...#CE..8$#
##C##@....$#
#.E ##....##
#. #8### +.
[# # $. ##


You could see a stone giant, an earth elemental and a fire elemental.

Vanquished Creatures
  Erolcha (D:9)
  Erica (D:9)
  2 two-headed ogres (D:10)
  A spiny frog (Lair:1)
  A komodo dragon (D:8)
  4 trolls
  2 hippogriffs
  10 yaks
  A wyvern (D:8)
  A basilisk (D:8)
  A human (D:8)
  6 fire bats (Volcano)
  2 hungry ghosts
  Duvessa (D:7)
  5 ice beasts
  4 porcupines (Lair:1)
  2 black bears (D:6)
  An orc warrior (D:9)
  4 sky beasts
  3 centaurs
  6 ogres
  A big kobold (D:8)
  3 bullfrogs
  Dowan (D:7)
  3 scorpions
  5 wights (D:10)
  3 howler monkeys
  9 crimson imps
  A centaur zombie (D:5)
  5 lava snakes (Volcano)
  6 hounds
  5 jellies
  A quasit (D:7)
  6 orc wizards
  2 orc priests
  A centaur skeleton (D:4)
  3 bullfrog skeletons
  9 worker ants
  2 worker ant zombies
  A howler monkey zombie (D:6)
  15 adders
  2 shadow imps
  An ooze (D:3)
  An adder zombie (D:6)
  An adder skeleton (D:7)
  3 worms
  2 dart slugs
  2 leopard geckos
  22 orcs
  7 giant cockroaches
  11 hobgoblins
  7 jackals
  14 kobolds
  5 quokkas
  3 ball pythons
  6 bats
  4 frilled lizards
  4 goblins
  A leopard gecko zombie (D:8)
  A quokka skeleton (D:9)
  7 rats
245 creatures vanquished.

Vanquished Creatures (others)
  An adder (D:2)
  2 plants (D:8)
3 creatures vanquished.

Grand Total: 248 creatures vanquished

Notes
Turn   | Place    | Note
-------+----------+-------------------------------------------
     0 | D:1      | CanOfBees the Ogre Hunter began the quest for the Orb.
     0 | D:1      | Reached XP level 1. HP: 22/22 MP: 1/1
   184 | D:1      | Reached skill level 3 in Fighting
   209 | D:1      | Reached XP level 2. HP: 31/31 MP: 2/2
  1300 | D:2      | Reached XP level 3. HP: 37/37 MP: 3/3
  1678 | D:2      | Found a radiant altar of Vehumet.
  2197 | D:2      | Reached XP level 4. HP: 48/48 MP: 4/4
  2411 | D:3      | Reached skill level 4 in Fighting
  2670 | D:2      | Reached XP level 5. HP: 23/54 MP: 5/5
  2949 | D:2      | Reached skill level 5 in Throwing
  3576 | D:4      | Reached skill level 5 in Fighting
  3591 | D:3      | Reached XP level 6. HP: 58/66 MP: 6/6
  4002 | D:4      | Reached skill level 6 in Fighting
  4002 | D:4      | Reached skill level 1 in Shields
  4130 | D:4      | Reached XP level 7. HP: 37/76 MP: 7/7
  4884 | D:5      | Entered Level 5 of the Dungeon
  5038 | D:5      | Reached skill level 7 in Fighting
  5341 | D:5      | Found a sacrificial altar of Ru.
  5364 | D:5      | Reached XP level 8. HP: 70/87 MP: 8/8
  5711 | D:5      | Found a staircase to the Ecumenical Temple.
  5978 | Temple   | Entered the Ecumenical Temple
  6123 | Temple   | Became a worshipper of Warmaster Okawaru
  6252 | D:5      | Reached skill level 1 in Invocations
  6409 | D:5      | Reached skill level 8 in Fighting
  6650 | D:5      | Found an ornate altar of the Wu Jian Council.
  6911 | D:5      | Found a white marble altar of Elyvilon.
  7424 | D:6      | Reached * piety under Okawaru
  7472 | D:6      | Reached XP level 9. HP: 41/97 MP: 11/11
  7967 | D:6      | Found an ancient bone altar of Kikubaaqudgha.
  8618 | D:7      | Reached skill level 9 in Fighting
  9106 | D:6      | Reached skill level 5 in Shields
  9131 | D:7      | Noticed Dowan
  9542 | D:7      | Reached ** piety under Okawaru
  9858 | D:7      | Noticed Duvessa
  9888 | D:7      | Killed Duvessa
  9910 | D:7      | Got a crude robe
  9911 | D:7      | Identified the cursed +0 robe "Odwoagh" {+Inv rC- Str+8
                  | Slay-5} (You found it on level 7 of the Dungeon)
  9920 | D:7      | Killed Dowan
  9920 | D:7      | Reached skill level 5 in Invocations
 10167 | D:8      | Found Reepatwi's Gadget Boutique.
 10335 | D:8      | Found an opulent altar of Gozag.
 10344 | D:8      | Reached skill level 10 in Fighting
 10838 | D:8      | Reached XP level 10. HP: 65/110 MP: 12/14
 11350 | D:8      | Found a staircase to the Lair.
 11370 | D:8      | Reached *** piety under Okawaru
 12094 | D:9      | Reached skill level 5 in Dodging
 12094 | D:9      | Noticed Erolcha
 12123 | D:9      | Killed Erolcha
 12123 | D:9      | Reached **** piety under Okawaru
 12123 | D:9      | Reached skill level 11 in Fighting
 12990 | D:9      | Noticed Erica
 12998 | D:9      | Killed Erica
 13208 | D:10     | Entered Level 10 of the Dungeon
 13406 | D:9      | Reached XP level 11. HP: 118/123 MP: 16/16
 13409 | D:9      | Received a gift from Okawaru
 13546 | D:9      | Reached skill level 12 in Fighting
 13594 | D:9      | Found a blossoming altar of Fedhas.
 13594 | D:9      | Found a shattered altar of Ashenzari.
 13596 | D:9      | Found a hazy altar of Hepliaklqana.
 13596 | D:9      | Found a sparkling altar of Nemelex Xobeh.
 13905 | D:10     | Noticed a two-headed ogre
 13927 | D:10     | Killed a two-headed ogre
 13927 | D:10     | Reached skill level 1 in Polearms
 13927 | D:10     | Reached skill level 1 in Armour
 14035 | D:10     | Noticed a two-headed ogre
 14112 | D:10     | Killed a two-headed ogre
 14376 | D:10     | Got a scintillating jade ring
 14559 | D:10     | Identified the ring "Joxtulay" {*Tele rC+ MR- Int+3} (You
                  | found it on level 10 of the Dungeon)
 14696 | D:10     | Received a gift from Okawaru
 14777 | D:10     | Reached ***** piety under Okawaru
 15198 | Lair:1   | Entered Level 1 of the Lair of Beasts
 15239 | Lair:1   | Found a dark tunnel.
 15302 | Lair:1   | Received a gift from Okawaru
 15416 | Lair:1   | Received a gift from Okawaru
 15501 | Volcano  | Entered a volcano
 15724 | Volcano  | Received a gift from Okawaru
 16287 | Volcano  | Noticed a stone giant
 16307 | Volcano  | Demolished by a stone giant

Vault maps used:
D:1:      lightli_molten_gateway
D:2:      fiery_altar_vehumet, first_ration
D:3:      st_stairs_1
D:5:      nicolae_overflow_crystal_walls, lemuel_doored_altar,
          lemuel_crystal_altar, minmay_temple_entry_sparse_star
D:6:      kennysheep_mini
D:7:      uniq_duvessa
D:8:      minmay_clustersquares, david_lair_shrubbed, basic_altar, serial_shops,
          shop, grunt_pizzeria
D:9:      chequers_temple_overflow_statue_of_worship, uniq_erica, uniq_erolcha
Temple:   nicolae_temple_figure_eight
Lair:1:   nicolae_volcano_entry_two_sided, beast_lair_carwin_5
Volcano:  volcano_grotto

Skill      XL: |  1  2  3  4  5  6  7  8  9 10 11 |
---------------+----------------------------------+-----
Fighting       | 3 4 5 6 7 8 10 11 12 | 12.7
Dodging        | 2 3 4 6 |  6.8
Throwing       | 5 6 7 8 |  8.9
Shields        | 1 3 4 5 6 |  6.0
Invocations    | 3 5 7 8 |  8.0
Polearms       | 3 |  3.4
Armour         | 4 |  4.0
Stealth        | |  0.6

Action                   |  1- 3 |  4- 6 |  7- 9 | 10-12 || total
-------------------------+-------+-------+-------+-------++-------
Melee: Short sword       |   111 |    87 |    46 |       ||   244
       Trident           |       |       |   264 |   253 ||   517
       Demon trident     |       |       |       |    54 ||    54
 Fire: Hunting sling     |    13 |    69 |     5 |       ||    87
       Blowgun           |       |       |       |     9 ||     9
Throw: Stone             |    88 |    13 |   176 |    48 ||   325
       Large rock        |     2 |    11 |    25 |    24 ||    62
       Throwing net      |       |     3 |     4 |       ||     7
       Tomahawk          |       |       |       |    30 ||    30
Invok: Heroism           |       |       |       |     6 ||     6
Evoke: Wand              |       |       |       |     2 ||     2
       Phial of floods   |       |       |       |     1 ||     1
  Use: Potion            |       |       |     4 |     4 ||     8
       Scroll            |       |       |    14 |    11 ||    25
 Stab: Sleeping          |       |       |     3 |       ||     3
  Eat: Chunk             |     4 |     6 |    22 |     8 ||    40
       Ration            |       |       |       |     4 ||     4
Armor: Robe              |    54 |    28 |    61 |     8 ||   151
       Skin              |       |       |     8 |     3 ||    11
       Gold dragon scale |       |       |       |   111 ||   111
Dodge: Dodged            |   101 |    58 |    74 |    52 ||   285
Block: Shield            |       |    15 |   140 |   210 ||   365

Table legend:
 A = Non-vault XP
 B = Vault XP
 C = Vault XP percentage of total XP
 D = Non-vault monster count
 E = Vault monster count
 F = Vault count percentage of total count
                 A         B        C        D         E       F
            +---------+---------+-------+---------+---------+-------
      Total |   11706 |    5411 |  31.6 |     215 |      30 |  12.2
            +---------+---------+-------+---------+---------+-------
        D:1 |      31 |       0 |   0.0 |      17 |       0 |   0.0
        D:2 |      99 |       0 |   0.0 |      29 |       0 |   0.0
        D:3 |     284 |       8 |   2.7 |      26 |       2 |   7.1
        D:4 |     454 |       0 |   0.0 |      14 |       0 |   0.0
        D:5 |     996 |       0 |   0.0 |      26 |       0 |   0.0
        D:6 |    1201 |       0 |   0.0 |      23 |       0 |   0.0
        D:7 |     944 |     220 |  18.9 |      16 |       2 |  11.1
        D:8 |     933 |    1137 |  54.9 |      13 |       8 |  38.1
        D:9 |    1249 |    1987 |  61.4 |      19 |       2 |   9.5
       D:10 |    3856 |       0 |   0.0 |      25 |       0 |   0.0
     Lair:1 |    1659 |     651 |  28.2 |       7 |       5 |  41.7
    Volcano |       0 |    1408 | 100.0 |       0 |      11 | 100.0
            +---------+---------+-------+---------+---------+-------
